AoeStats
← IVC | Daaan

Nomad

509316374Analyzed
4v4 RM · 8d ago on Sep 26, 2026· 35m 38s· 8 players
Game mode
Random Map
Map size
231×231
Population
200
Speed
Normal
Resources
Standard
Victory
Conquest
Starting age
Dark Age
Ending age
Imperial Age
RankedLock teamsTeams togetherTeam positionsShared explorationLock speedFull tech treeHidden civsTurbo modeCheats
Victory
Defeat
🇨🇳 Turks · China
1575
+12
🇦🇺 Jurchens · Australia
1545
+13
🇻🇳 Burmese · Vietnam
1508
+15
🇦🇺 Mongols · Australia
1459
+17
🇹🇷 Ethiopians · Türkiye
1504
-15
🇪🇨 Japanese · Ecuador
1501
-15
🇸🇰 Hindustanis · Slovakia
1471
-14
🇫🇷 Burgundians · France
1453
-13
Hecktelion
6:00 Loom
12:05 Double-Bit Axe
14:26 Wheelbarrow
13:46 Fishing Lines
17:37 Feudal Age
16:49 Gold Mining
18:11 Gillnets
19:31 Bow Saw
22:21 Castle Age
20:34 Scale Barding Armor
21:11 Forging
22:48 Cavalier
23:29 Husbandry
23:53 Chain Barding Armor
24:09 Iron Casting
32:11 Gold Shaft Mining
31:54 Hand Cart
IVC | Daaan
3:35 Loom
4:39 Loom
12:57 Feudal Age
14:00 Double-Bit Axe
17:01 Castle Age
16:14 Town Watch
16:32 Gold Mining
18:01 Bow Saw
17:59 Horse Collar
19:27 Gold Shaft Mining
21:07 Scale Mail Armor
21:17 Scale Barding Armor
24:34 Forging
25:14 Fletching
26:36 Bloodlines
29:57 Chain Barding Armor
30:23 Husbandry
33:16 Imperial Age
32:38 Chain Barding Armor
32:33 Heavy Plow
33:18 Wheelbarrow
33:57 Iron Casting
33:31 Heavy Camel Rider
35:30 Plate Barding Armor
Maty
5:21 Loom
13:23 Feudal Age
18:06 Double-Bit Axe
19:50 Forging
23:48 Castle Age
23:00 Fletching
24:25 Town Watch
vela
4:50 Loom
12:05 Feudal Age
18:03 Castle Age
16:06 Double-Bit Axe
17:45 Fletching
17:21 Man-at-Arms
18:27 Crossbowman
19:06 Bodkin Arrow
20:03 Bow Saw
25:03 Horse Collar
29:21 Wheelbarrow
28:38 Town Watch
29:37 Ballistics
29:55 Gold Mining
29:55 Stone Mining
31:37 Hand Cart
35:25 Imperial Age
33:04 Scale Mail Armor
33:16 Heavy Plow
33:40 Squires
33:25 Arson
34:27 Chain Mail Armor
34:41 Forging
34:51 Royal Heirs
35:53 Gold Shaft Mining
35:54 Stone Shaft Mining
36:37 Iron Casting
vitroti
9:35 Loom
14:08 Feudal Age
17:46 Castle Age
16:33 Fishing Lines
20:15 Gold Mining
21:27 Horse Collar
28:23 Scale Barding Armor
28:26 Stone Mining
30:01 Wheelbarrow
33:07 Imperial Age
30:48 Scale Mail Armor
31:09 Heavy Plow
31:28 Forging
31:12 Pikeman
31:53 Squires
32:28 Chain Mail Armor
32:23 Arson
32:24 Gambesons
33:14 Halberdier
34:25 Conscription
36:35 Plate Mail Armor
36:41 Iron Casting
czj136
3:09 Loom
12:49 Feudal Age
13:50 Town Watch
13:52 Double-Bit Axe
15:17 Scale Barding Armor
17:14 Bloodlines
18:09 Forging
24:04 Castle Age
23:55 Fletching
24:14 Horse Collar
24:27 Gold Mining
24:49 Husbandry
25:09 Medium Warships
25:53 Chain Barding Armor
27:09 Bodkin Arrow
27:43 Padded Archer Armor
31:48 Ballistics
32:30 Leather Archer Armor
35:51 Imperial Age
34:41 Sipahi
Phenytoin
4:34 Loom
14:12 Feudal Age
17:56 Castle Age
16:11 Fletching
17:04 Double-Bit Axe
18:44 Bodkin Arrow
19:00 Bow Saw
18:59 Horse Collar
25:13 Ballistics
26:16 Padded Archer Armor
26:39 Stone Mining
29:27 Bloodlines
29:39 Husbandry
31:36 Leather Archer Armor
32:03 Thumb Ring
34:06 Wheelbarrow
33:33 Heavy Plow
37:29 Imperial Age
35:58 Gold Mining
36:44 Stone Shaft Mining
Mau5
11:39 Loom
13:25 Feudal Age
17:49 Castle Age
16:58 Forging
16:55 Scale Barding Armor
19:40 Medium Warships
22:42 Town Watch
26:57 Double-Bit Axe
28:46 Bow Saw
28:18 Horse Collar
29:12 Fletching
31:41 Wheelbarrow
34:34 Masonry
35:16 Fortified Bastions
Connection lost

Rejoining the realm…

Still unreachable

The connection could not be restored.

Session expired

The server has moved on; the page needs a fresh start.